 Dungeon Crawl Stone Soup version 0.29-a0-8-g0446c0dae4 (webtiles) character file.

Game seed: 13015907792080392999

92820 jt the Wrestler (level 16, -7/152 HPs)
             Began as a Ghoul Monk on Jan 28, 2022.
             Was the Champion of Dithmenos.
             Mangled by an enormous slime creature (63 damage)
             ... on level 14 of the Dungeon.
             The game lasted 01:18:50 (29672 turns).

jt the Wrestler (Ghoul Monk)                       Turns: 29672, Time: 01:18:54

Health: -7/152     AC: 16    Str: 19    XL:     16   Next: 7%
Magic:  21/21      EV: 12    Int: 11    God:    Dithmenos [******]
Gold:   2070       SH:  7    Dex: 11    Spells: 12/15 levels left

rFire   . . .      SeeInvis .     - Unarmed
rCold   + . .      Faith    .   a - +2 buckler {reflect}
rNeg    + + +      Spirit   .   J - +0 steam dragon scales
rPois   ∞          Reflect  +   w - +1 helmet
rElec   .          Harm     .   C - +2 cloak {rPois}
rCorr   .          Rampage  .   (no gloves)
Will    +....                   t - +0 pair of boots
Stlth   +++.......              v - amulet of the acrobat
HPRegen 0.00/turn               e - +4 ring of protection
MPRegen 0.17/turn               r - ring "Dadew" {Int+2 Slay+4}

@: inhibited regen, slowed, wreathed by umbra, very slow
A: claws 1, cold resistance 1, negative energy resistance 3, inhibited
regeneration, torment resistance 2
a: Renounce Religion, Shadow Step, Shadow Form


You were on level 14 of the Dungeon.
You worshipped Dithmenos.
Dithmenos was exalted by your worship.
You visited 4 branches of the dungeon, and saw 23 of its levels.

You collected 2419 gold pieces.
You spent 349 gold pieces at shops.

Inventory:

Hand Weapons
 d - a +2 trident of venom
 g - a +0 hunting sling
 z - a +2 war axe of flaming
Missiles
 i - 200 sling bullets
 k - 4 silver javelins
 l - 644 stones
 p - 9 javelins
 u - 15 poisoned darts
 E - 13 boomerangs (quivered)
 G - a silver boomerang
 O - a curare-tipped dart
Armour
 a - a +2 buckler of reflection (worn)
 o - a scarf of resistance
 t - a +0 pair of boots (worn)
 w - a +1 helmet (worn)
 C - a +2 cloak of poison resistance (worn)
 J - +0 steam dragon scales (worn)
 K - the +0 leather armour of the Beginning {rF+ rC++ Dex-4}
   (You found it on level 4 of the Lair of Beasts)

   Dex:       It affects your dexterity (-4).
   rF:        It protects you from fire.
   rC:        It greatly protects you from cold.
 Q - a +0 tower shield
Jewellery
 e - a +4 ring of protection (left claw)
 r - the ring "Dadew" (right claw) {Int+2 Slay+4}
   (You took it off a spriggan on level 6 of the Lair of Beasts)

   [ring of slaying]

   Int:       It affects your intelligence (+2).
   Slay:      It affects your accuracy & damage with ranged weapons and melee
   (+4).
 v - an amulet of the acrobat (around neck)
 H - a ring of protection from fire
Wands
 j - a wand of polymorph (3)
 D - a wand of paralysis (6)
 I - a wand of iceblast (6)
 N - a wand of mindburst (7)
 R - a wand of acid (1)
 V - a wand of flame (15)
Scrolls
 c - a scroll of holy word
 h - 7 scrolls of fog
 n - 4 scrolls of magic mapping
 x - a scroll of enchant weapon
 A - a scroll of vulnerability
 B - 2 scrolls of immolation
 S - 4 scrolls of fear
 T - a scroll of torment
 W - a scroll of identify
 Y - a scroll of blinking
Potions
 b - 6 potions of curing
 f - 2 potions of magic
 m - a potion of resistance
 q - 7 potions of brilliance
 F - 2 potions of haste
 L - a potion of might
 P - 5 potions of ambrosia
Miscellaneous
 s - a box of beasts
 Z - a phial of floods (inert)


   Skills:
 + Level 16.5 Fighting
 - Level 2.0 Throwing
 - Level 4.0 Armour
 - Level 2.6 Dodging
 - Level 5.0 Stealth
 - Level 5.0 Shields
 + Level 21.8 Unarmed Combat
 - Level 9.2 Invocations
 - Level 5.0 Evocations


You had 12 spell levels left.
You knew the following spells:

 Your Spells              Type           Power      Damage    Failure   Level
a - Apportation           Tloc           0%         N/A       41%         1
b - Ensorcelled Hibernat  Hex/Ice        0%         N/A       56%         2

Your spell library contained the following spells:

 Spells                   Type           Power      Damage    Failure   Level
 Animate Skeleton         Necr           0%         N/A       41%         1
 Summon Small Mammal      Summ           0%         N/A       41%         1
 Passwall                 Tmut/Erth      0%         N/A       56%         2
 Scorch                   Fire           0%         2d5       56%         2
 Dazzling Flash           Conj/Hex       0%         N/A       80%         3
 Gell's Gravitas          Tloc           0%         N/A       80%         3
 Lesser Beckoning         Tloc           0%         N/A       80%         3
 Swiftness                Air            0%         N/A       80%         3
 Teleport Other           Tloc           0%         N/A       80%         3
 Airstrike                Air            0%         N/A       99%         4
 Flame Wave               Conj/Fire      0%         2d4       99%         4
 Iskenderun's Mystic Bla  Conj/Tloc      0%         2d3       99%         4
 Leda's Liquefaction      Hex/Erth       0%         N/A       99%         4
 Petrify                  Tmut/Erth      0%         N/A       99%         4
 Summon Lightning Spire   Summ/Air       0%         N/A       99%         4
 Fireball                 Conj/Fire      0%         3d3       100%        5
 Lee's Rapid Deconstruct  Erth           0%         3d5*      100%        5
 Lightning Bolt           Conj/Air       0%         1d11      100%        5
 Metabolic Englaciation   Hex/Ice        0%         N/A       100%        5
 Silence                  Hex/Air        0%         N/A       100%        5
 Starburst                Conj/Fire      0%         6d3       100%        6
 Summon Cactus Giant      Summ           0%         N/A       100%        6
 Ignition                 Fire           0%         3d3       100%        8
 Maxwell's Capacitive Co  Air            0%         ∞         100%        8
 Statue Form              Tmut/Erth      Unusable   N/A       N/A         6
 Storm Form               Tmut/Air       Unusable   N/A       N/A         7

Dungeon Overview and Level Annotations

Branches:
Dungeon (14/15)            Temple (1/1) D:7            Lair (6/6) D:9
  Swamp (0/4) Lair:3       Spider (0/4) Lair:2          Orc (2/2) D:12
 Vaults (0/5) D:13
  Slime: Lair:5-6       Elf: Orc:2

Altars:
Dithmenos
Elyvilon
Gozag
Nemelex Xobeh
Ru
Trog
Uskayaw
Wu Jian
Xom
Yredelemnul
Zin
The Shining One
Beogh
Lugonu

Shops:
D:1 ?   D:5 **   D:9 [   Orc:2 :([*

Portals:
Abyss: Lair:6

Annotations:
D:4 Edmund
D:14 Kirke
Lair:2 exclusion: 2 electric eels
Lair:5 exclusion: oklob plant


Innate Abilities, Weirdness & Mutations

You thrive by killing the living.
You are immune to poison.
You have sharp fingernails.
Your flesh is cold resistant. (rC+)
You are immune to negative energy. (rN+++)
You do not regenerate when monsters are visible.
You are immune to unholy pain and torment.


Message History

The hog bites you but does no damage.
Two slime creatures merge to form an enormous slime creature.
Aiming: Corrosive Bolt
Press: ? - help, Shift-Dir - straight line, f - enormous slime creature, p - wizard
Aim: an enormous slime creature (umbra, 94% to hit)
Okay, then.
Unknown command.
Your unstable footing causes you to fumble your attack.
Your hog bites the hog!
The hog barely misses your hog. Something hits you.
Your hog bites the hog but does no damage.
The hog splashes around in the water.
Aiming: Corrosive Bolt
Press: ? - help, Shift-Dir - straight line, f/p - wizard
Aim: a wizard, wielding a +0 dagger and wearing a +0 leather armour (umbra, 64% to hit)
The bolt of acid hits the hog!
The acid corrodes the hog!
The hog is moderately wounded.
The bolt of acid hits the wizard!!
The acid corrodes the wizard!
The wizard is heavily wounded.
Something hits you!
Your hog bites the hog!
The hog dies!
Dithmenos accepts your kill. Something hits you.
Your hog bites the enormous slime creature!
Press: ? - help, v - describe, . - travel
Here: Disturbance Some shallow water, summoned.
Unknown command.
Okay, then.
Unknown command.
You miss something. The enormous slime creature hits you!
The wizard casts a spell.
The wizard blinks!
You block something's attack.
Your hog bites the wizard!
You catch the helpless wizard completely off-guard!
You mangle the wizard!!
You kill the wizard!
Dithmenos accepts your kill.
You feel better. The enormous slime creature hits you!!!
You emit a cloud of dark smoke.
Your hog splashes around in the water.
Something hits you but does no damage. The enormous slime creature hits you!!!
You die...

# # #........ #
#........ #
#........ #
#§≈≈..... #
#≈≈.... # #.#hh≈.
#### #.#{J# '..#
#.#@h# ##.#
##.#§§# ##.#
#.....# #.#
#.....# #.#
#.....# #.#
#.....#
#.##########.....#
#..........'.....#
############.....#


You could see an enormous slime creature (ally target), 2 hogs and a friendly
hog (charmed, waterlogged).

Vanquished Creatures
  An orc warlord (Orc:2)
  4 boulder beetles
  8 hydras
  A yaktaur captain (D:13)
  A centaur warrior (D:14)
  A two-headed ogre (D:11)
  2 orc high priests (Orc:2)
  4 thrashing horrors (Lair:6)
  24 death yaks
  A large abomination (Lair:6)
  A fire crab (Lair:6)
  4 skeletal warriors
  3 orc knights (Orc:2)
  A wizard (D:14)
  A lindwurm (Lair:6)
  A deep elf pyromancer (D:13)
  6 ugly things
  5 orc sorcerers (Orc:2)
  3 cyclopes
  4 black mambas
  16 elephants
  A torpor snail (Lair:6)
  Joseph (D:7)
  3 smoke demons (Lair:6)
  A cane toad (shapeshifter) (Lair:6)
  Psyche (D:10)
  A molten gargoyle (D:13)
  17 cane toads
  6 rime drakes
  2 unseen horrors (D:11)
  2 yaktaurs (D:13)
  15 komodo dragons
  Maggie (D:9)
  A kobold demonologist (D:9)
  11 trolls
  2 ancient zymes (Lair:6)
  4 polar bears
  2 hornets
  2 slime creatures (D:14)
  A tarantella (shapeshifter) (D:14)
  19 blink frogs
  9 dream sheep
  Sigmund (D:6)
  A water elemental (D:13)
  A culicivora (Lair:2)
  4 wraiths
  2 ynoxinuls (Lair:6)
  A spriggan (Lair:6)
  4 wyverns
  A fire elemental (D:13)
  45 yaks
  A hog (D:14)
  11 basilisks
  A vampire mosquito (D:7)
  2 steam dragons
  2 chaos spawn (Lair:6)
  An acid dragon (D:10)
  Menkaure (D:5)
  6 swamp worms
  14 water moccasins
  Duvessa (D:7)
  An ice beast (D:6)
  21 orc warriors
  5 sky beasts (D:7)
  A swamp drake (Lair:5)
  4 black bears
  3 necrophages (D:9)
  5 ogres
  18 wolves
  3 centaurs
  A phantom (D:7)
  A kobold brigand (D:7)
  16 bullfrogs
  A bullfrog (shapeshifter) (D:9)
  11 small abominations (Lair:6)
  A wyvern zombie (D:7)
  A gnoll sergeant (D:10)
  5 scorpions
  2 wyvern skeletons
  Dowan (D:7)
  5 wights
  2 howler monkeys
  6 electric eels (D:13)
  6 centaur zombies
  3 lava snakes (D:13)
  2 centaur skeletons
  2 hounds
  11 orc priests
  Crazy Yiuf (D:5)
  3 jellies
  3 bullfrog skeletons
  4 hell rats (Lair:3)
  2 iguanas
  2 scorpion zombies (D:5)
  20 orc wizards
  2 killer bee zombies
  2 howler monkey zombies
  5 gnolls (D:10)
  2 howler monkey skeletons
  7 adders
  2 white imps
  3 ufetubi
  3 worms
  2 dart slugs
  79 orcs
  8 endoplasms
  2 giant cockroaches
  7 goblins
  6 hobgoblins
  7 jackals (D:1)
  6 quokkas
  5 ball pythons
  6 bats
  3 frilled lizards
  13 kobolds
  9 rats
  A butterfly (D:7)
647 creatures vanquished.

Vanquished Creatures (collateral kills)
  A hog (D:14)
  A large abomination (Lair:6)
  A small abomination (Lair:6)
3 creatures vanquished.

Vanquished Creatures (others)
  A cane toad (Lair:6)
  2 lava snakes (D:13)
  6 bushes (Lair:4)
  53 fungi
  104 plants
166 creatures vanquished.

Grand Total: 816 creatures vanquished

Notes
Turn   | Place    | Note
-------+----------+-------------------------------------------
     0 | D:1      | jt the Ghoul Monk began the quest for the Orb.
     0 | D:1      | Reached XP level 1. HP: 19/19 MP: 0/0
   290 | D:1      | Reached XP level 2. HP: 20/26 MP: 1/1
   384 | D:1      | Found Cycat's Magic Scroll Shop.
   428 | D:1      | Reached skill level 4 in Unarmed Combat
   566 | D:1      | Reached XP level 3. HP: 31/31 MP: 2/2
  1082 | D:2      | Reached skill level 5 in Unarmed Combat
  1197 | D:2      | Reached XP level 4. HP: 38/38 MP: 3/3
  1326 | D:2      | Identified the +1 robe of Grand Satisfaction {Str+4
                  | Archmagi}
  1794 | D:3      | Found a faded altar of an unknown god.
  1801 | D:3      | Prayed at the altar of an unknown god.
  1801 | D:3      | Became a worshipper of Dithmenos the Shadowed
  1801 | D:3      | Reached * piety under Dithmenos
  1801 | D:3      | Reached ** piety under Dithmenos
  1859 | D:3      | Reached *** piety under Dithmenos
  1897 | D:3      | Reached skill level 6 in Unarmed Combat
  1897 | D:3      | Reached XP level 5. HP: 45/45 MP: 4/4
  1945 | D:3      | Reached skill level 7 in Unarmed Combat
  1947 | D:3      | Reached XP level 6. HP: 51/51 MP: 5/5
  2522 | D:4      | Reached skill level 8 in Unarmed Combat
  3030 | D:4      | Got the Volume of Weightlessness
  3136 | D:4      | Reached skill level 1 in Armour
  3136 | D:4      | Reached XP level 7. HP: 55/57 MP: 6/6
  3232 | D:4      | Noticed Edmund
  3357 | D:5      | Entered Level 5 of the Dungeon
  3640 | D:5      | Found Keuxeoph's Specific Store.
  3648 | D:5      | Found Qoyj's General Store.
  3657 | D:5      | Bought a potion of heal wounds for 75 gold pieces
  3657 | D:5      | Bought a scroll of magic mapping for 52 gold pieces
  3804 | D:5      | Reached skill level 9 in Unarmed Combat
  3818 | D:5      | Noticed Menkaure
  3825 | D:5      | Killed Menkaure
  3825 | D:5      | Reached **** piety under Dithmenos
  3826 | D:5      | Reached XP level 8. HP: 52/63 MP: 7/7
  4279 | D:6      | Reached skill level 10 in Unarmed Combat
  5091 | D:5      | Found a runed translucent door.
  5092 | D:5      | Noticed Crazy Yiuf
  5098 | D:5      | Killed Crazy Yiuf
  5421 | D:6      | Reached skill level 11 in Unarmed Combat
  5540 | D:6      | Noticed Sigmund
  5554 | D:6      | Killed Sigmund
  5555 | D:6      | Reached XP level 9. HP: 52/70 MP: 8/8
  5568 | D:6      | Reached skill level 12 in Unarmed Combat
  6207 | D:7      | Reached skill level 13 in Unarmed Combat
  6559 | D:7      | Reached skill level 14 in Unarmed Combat
  6654 | D:7      | Found a staircase to the Ecumenical Temple.
  6664 | Temple   | Entered the Ecumenical Temple
  6722 | D:7      | Noticed Joseph
  6743 | D:7      | Killed Joseph
  6743 | D:7      | Reached ***** piety under Dithmenos
  6744 | D:7      | Reached XP level 10. HP: 49/77 MP: 9/9
  7165 | D:7      | Reached skill level 15 in Unarmed Combat
  7330 | D:7      | Reached skill level 1 in Invocations
  7349 | D:7      | Found a shimmering altar of Xom.
  7400 | D:7      | Noticed Duvessa
  7401 | D:7      | Noticed Dowan
  7405 | D:7      | Killed Dowan
  7407 | D:7      | Killed Duvessa
  7805 | D:8      | Found a basalt altar of Yredelemnul.
  7974 | D:8      | Found a hide-covered altar of Uskayaw.
  8122 | D:8      | Found a bloodstained altar of Trog.
  8432 | D:9      | Found a shadowy altar of Dithmenos.
  8491 | D:9      | Noticed a harpy
  8508 | D:9      | Reached skill level 16 in Unarmed Combat
  8512 | D:9      | Reached XP level 11. HP: 85/85 MP: 13/13
  8520 | D:9      | Found an ornate altar of the Wu Jian Council.
  8636 | D:9      | Found Lening's Armour Emporium.
  8649 | D:9      | Reached skill level 5 in Fighting
  8649 | D:9      | Reached skill level 5 in Invocations
  8696 | D:9      | Bought a +2 buckler of reflection for 222 gold pieces
  8720 | D:9      | Noticed Maggie
  8721 | D:9      | Found a staircase to the Lair.
  8733 | D:9      | Killed Maggie
  8945 | D:9      | Reached skill level 1 in Shields
  9136 | D:9      | Found a shimmering altar of Xom.
  9593 | D:10     | Entered Level 10 of the Dungeon
  9725 | D:9      | Found a sparkling altar of Nemelex Xobeh.
  9807 | Lair:1   | Entered Level 1 of the Lair of Beasts
 11059 | Lair:2   | Found a hole to the Spider Nest.
 11543 | Lair:3   | Reached XP level 12. HP: 89/100 MP: 16/16
 11693 | Lair:3   | Noticed a boulder beetle
 11709 | Lair:3   | Reached skill level 17 in Unarmed Combat
 12081 | Lair:4   | Reached skill level 1 in Throwing
 12587 | Lair:3   | Noticed a six-headed hydra
 12602 | Lair:3   | Killed a one-headed hydra
 12603 | Lair:3   | Reached skill level 5 in Shields
 12964 | Lair:3   | Killed a boulder beetle
 12986 | Lair:3   | Noticed an eight-headed hydra
 13289 | D:10     | Noticed Psyche
 13294 | D:10     | Killed Psyche
 13295 | D:10     | Reached skill level 1 in Evocations
 13924 | D:11     | Noticed a two-headed ogre
 13940 | D:11     | Killed a two-headed ogre
 14307 | D:12     | Noticed a boulder beetle
 14311 | D:12     | Reached ****** piety under Dithmenos
 14557 | D:11     | Killed a boulder beetle
 14558 | D:11     | Reached XP level 13. HP: 56/111 MP: 18/18
 14787 | D:12     | Found a staircase to the Orcish Mines.
 15492 | D:13     | Found a gate to the Vaults.
 15494 | D:13     | Noticed a yaktaur captain
 15510 | D:13     | Killed a yaktaur captain
 15875 | Orc:1    | Entered Level 1 of the Orcish Mines
 16023 | Orc:1    | Reached skill level 10 in Fighting
 16023 | Orc:1    | Reached skill level 18 in Unarmed Combat
 16104 | Orc:1    | You fall into a shaft and drop 1 floor!
 16104 | Orc:2    | Entered Level 2 of the Orcish Mines
 16104 | Orc:2    | Found Coqirih's Book Boutique.
 16108 | Orc:2    | Paralysed by an orc sorcerer for 3 turns
 17652 | Orc:2    | Found Tufon's Antique Weapon Boutique.
 17716 | Orc:2    | Reached skill level 5 in Evocations
 18353 | Orc:2    | HP: 1/114 [ynoxinul/iron shot[an orc high priest] (22)]
 18860 | Orc:2    | Noticed an orc warlord
 19017 | Orc:2    | Found Fiufooce's Antique Armour Shoppe.
 19097 | Orc:2    | Killed an orc warlord
 19098 | Orc:2    | Reached skill level 5 in Stealth
 19164 | Orc:2    | Found Noximid's General Store.
 19173 | Orc:2    | Noticed an orc warlord
 20116 | D:13     | Reached XP level 14. HP: 114/124 MP: 19/19
 21079 | Lair:3   | Learned a level 1 spell: Apportation
 21082 | Lair:3   | Learned a level 2 spell: Ensorcelled Hibernation
 21108 | Lair:3   | Reached skill level 19 in Unarmed Combat
 21491 | Lair:3   | You fall into a shaft and drop 3 floors!
 21491 | Lair:6   | Entered Level 6 of the Lair of Beasts
 21558 | Lair:6   | Identified the ring "Dadew" {Int+2 Slay+4}
 22208 | Lair:6   | Found a corrupted altar of Lugonu.
 22208 | Lair:6   | Found a one-way gate to the infinite horrors of the Abyss.
 23009 | Lair:4   | Identified the +0 leather armour of the Beginning {rF+ rC++
                  | Dex-4}
 23365 | Lair:3   | Found a staircase to the Swamp.
 23643 | Lair:4   | Reached skill level 20 in Unarmed Combat
 24634 | Lair:5   | Reached XP level 15. HP: 133/138 MP: 20/20
 25812 | Lair:5   | Reached skill level 15 in Fighting
 26767 | Lair:6   | Reached skill level 21 in Unarmed Combat
 26768 | Lair:6   | Identified the +9 battleaxe "Usi Caku" {protect, Str-2
                  | Int+7}
 29013 | D:14     | Reached XP level 16. HP: 152/152 MP: 21/21
 29654 | D:14     | Noticed Kirke
 29672 | D:14     | Mangled by an enormous slime creature

Illustrated notes

Levels and vault maps discovered:
D:1:      minmay_arrival_hallway, layout_basic, serial_shops, shop_fountains
D:2:      layout_basic, serial_bayou_pond_e
D:3:      layout_loops_ring, basic_ecumenical_altar, st_stairs_11, hex_medium
D:4:      layout_basic, zin_statuary, uniq_edmund
D:5:      layout_loops_ring, lemuel_round_altar, nicolae_specific_store,
          uniq_menkaure, uniq_crazy_yiuf_cottage
D:6:      layout_basic, uniq_sigmund
D:7:      minmay_the_grid_octo_tiled_squarecenter [minmay_the_grid_octo_focus,
          minmay_the_grid_octo_chip, minmay_the_grid_octo_horde,
          minmay_the_grid_octo_clover,
          minmay_the_grid_square_5x5_megaprize_hollow,
          minmay_the_grid_square_5x5_shrine1, minmay_the_grid_square_5x5_mess,
          minmay_the_grid_square_5x5_one_wall,
          minmay_the_grid_square_5x5_checkered_sparse], layout_loops_ring,
          minmay_temple_entry_butterflies, uniq_joseph, uniq_duvessa
D:8:      layout_cave_pools, trog_book, lemuel_zombie_altar_yredelemnul,
          lemuel_tele_altar
D:9:      layout_rooms, nicolae_wu_jian_wuxing_cycle,
          nicolae_dithmenos_the_darkroom, nicolae_overflow_hidden_temple,
          lair_entry_dummy, serial_shops, nicolae_shop_stone, serial_undead,
          serial_undead_c, serial_undead_b, serial_undead_b, serial_undead_d,
          worms_lemuel, uniq_maggie
D:10:     layout_basic, uniq_psyche
D:11:     layout_roguey
D:12:     layout_cave_pools, david_orc_5
D:13:     layout_basic, david_vaults_2
D:14:     layout_basic, infiniplex_staircase_zigzag_4, uniq_kirke
Temple:   nicolae_temple_hex_pool
Lair:1:   layout_gridlike, evilmike_ambush [evilmike_ambush_outer_basic,
          evilmike_ambush_inner_wall_2]
Lair:2:   layout_misc_corridors, hellmonk_spider_entry_life_and_decay,
          minivault_27, grunt_megastairs_4, serial_bayou_shore_a,
          lemuel_fruit_tree
Lair:3:   layout_chaotic_city, palyth_hydra_swamp_entry, minivault_24,
          grunt_megastairs_1
Lair:4:   layout_cave_shapes, serial_forest, infiniplex_forest_split,
          infiniplex_forest_straight_4, infiniplex_forest_clump_small,
          infiniplex_forest_join, infiniplex_forest_join,
          infiniplex_forest_corner_1, infiniplex_forest_clump_diagonal,
          infiniplex_forest_zigzag_1, infiniplex_forest_straight_5,
          serial_bayou_shore_b, infiniplex_staircase_pool
Lair:5:   layout_loops_ring, minmay_slime_entry_oklob_enclosed,
          guppyfry_lair_drakes
Lair:6:   hellmonk_lair_end_abyssal_woods, layout_cave_pods, st_stairs_4,
          lemuel_fruit_fields, grunt_megastairs_3
Orc:1:    layout_caves
Orc:2:    grunt_orc_gardens, layout_caves, grunt_orc_garden, grunt_orc_garden,
          grunt_orc_garden, grunt_orc_garden

Skill      XL: |  1  2  3  4  5  6  7  8  9 10 11 12 13 14 15 |
---------------+----------------------------------------------+-----
Unarmed Combat | 4 5 6 7 8 9 11 14 16 17 18 20 21 | 21.8
Armour         | 1 3 4 |  4.0
Invocations    | 4 7 9 |  9.2
Fighting       | 4 7 9 11 14 16 | 16.5
Shields        | 3 5 |  5.0
Throwing       | 2 |  2.0
Evocations     | 2 5 |  5.0
Stealth        | 5 |  5.0
Dodging        | |  2.6

Action                   |  1- 3 |  4- 6 |  7- 9 | 10-12 | 13-15 | 16-18 || total
-------------------------+-------+-------+-------+-------+-------+-------++-------
Melee: Unarmed           |   104 |   153 |   274 |   628 |  1076 |    32 ||  2267
       Punch             |     3 |     6 |    13 |    22 |       |       ||    44
       War axe           |       |       |       |     9 |    27 |       ||    36
 Fire: Hunting sling     |       |       |    10 |       |    39 |       ||    49
Throw: Dart              |       |       |     8 |    40 |    26 |       ||    74
       Stone             |       |       |     1 |       |     4 |       ||     5
       Javelin           |       |       |       |     2 |    22 |       ||    24
       Boomerang         |       |       |       |       |    43 |       ||    43
Invok: Shadow Step       |       |       |       |     3 |       |       ||     3
       Shadow Form       |       |       |       |       |     1 |       ||     1
Evoke: Wand              |       |       |       |    12 |    33 |     3 ||    48
       Box of beasts     |       |       |       |     1 |       |       ||     1
       Phial of floods   |       |       |       |       |       |     1 ||     1
  Use: Scroll            |       |       |     9 |     9 |     7 |       ||    25
       Potion            |       |       |       |     4 |     8 |       ||    12
 Stab: Sleeping          |     3 |    12 |     2 |     9 |     8 |       ||    34
       Distracted        |       |       |     1 |     1 |     4 |     2 ||     8
Armor: Robe              |    23 |    60 |    32 |       |       |       ||   115
       Chain mail        |       |       |   107 |    11 |       |       ||   118
       Steam dragon scal |       |       |       |   197 |   334 |     9 ||   540
Dodge: Dodged            |    64 |    85 |   102 |   307 |   538 |     8 ||  1104
Block: Buckler           |       |       |       |   138 |   278 |    10 ||   426
       Reflection        |       |       |       |     1 |    11 |     1 ||    13

Table legend: (Time is in decaauts)
 A = Elapsed time spent in this place.
 B = Non-inter-level travel time spent in this place.
 C = Inter-level travel time spent in this place.
 D = Time resting spent in this place.
 E = Time spent auto-exploring this place.
 F = Levels seen in this place.
 G = Mean time per level.
                   A        B        C        D        E       F      G
               +--------+--------+--------+--------+--------+-----+--------+
         Total |  29248 |  27639 |   1609 |   8812 |  11000 |  23 | 1271.7 |
       Dungeon |  15447 |  14413 |   1034 |   3302 |   6882 |  14 | 1103.4 |
        Temple |      1 |      1 |      0 |      0 |      0 |   1 |    1.0 |
          Lair |  10515 |   9964 |    551 |   3776 |   3467 |   6 | 1752.5 |
  Orcish Mines |   3283 |   3260 |     23 |   1733 |    650 |   2 | 1641.5 |
               +--------+--------+--------+--------+--------+-----+--------+

Top non-repeatable levels by time:
  Lair:6: 2677 daAuts
  Lair:3: 2625 daAuts
  Lair:5: 1992 daAuts
    D:13: 1843 daAuts
   Orc:1: 1783 daAuts
     D:7: 1520 daAuts
   Orc:2: 1499 daAuts
     D:9: 1397 daAuts
  Lair:4: 1318 daAuts
    D:12: 1310 daAuts
     D:5: 1250 daAuts
     D:4: 1246 daAuts
     D:6: 1176 daAuts
    D:11: 1139 daAuts
  Lair:2: 1124 daAuts
